Map: Frozen Temple

Players

Miszu - Winner!

  • Race: Terran Terran
  • League: Master

Blood

  • Race: Zerg Zerg
  • League: Master

VOD

Have the link to the VOD?

Description

Time

  • Played on: June 29, 2016, 11:58 a.m.
  • Length: 6:36
Show
View Real Time Build Order
Export as new Build Order

Miszu Terran - Winner!

Build Orders: Reaper Expand 

Get SALT Encoding   

  12  0:00  SCV  
  13  0:13  SCV  
  14  0:17  Supply Depot  
  14  0:25  SCV  
  15  0:38  SCV  
  15  0:41  Barracks  
  16  0:44  Refinery  
  16  0:51  SCV  
  17  1:03  SCV  
  18  1:15  SCV  
  19  1:29  Orbital Command  
  19  1:30  Reaper  
  20  1:41  Command Center  
  20  1:49  Supply Depot  
  20  1:56  SCV  
  21  2:02  Refinery  
  21  2:07  Barracks Reactor  
  21  2:08  SCV  
  22  2:20  SCV  
  22  2:21  Factory  
  23  2:32  SCV  
  24  2:42  Marine x2  
  26  2:44  SCV  
  27  2:56  SCV  
  28  2:59  Orbital Command  
  28  3:00  Marine x2  
  30  3:08  SCV  
  31  3:15  Supply Depot  
  31  3:16  Starport, Factory Reactor  
  31  3:20  SCV  
  31  3:25  SCV  
  33  3:32  Marine x2, SCV  
  36  3:37  SCV  
  37  3:44  SCV  
  37  3:45  Command Center  
  37  3:49  SCV  
  37  3:50  Marine x2  
  40  3:57  SCV  
  40  4:00  Medivac x2, Widow Mine  
  40  4:02  SCV  
  48  4:06  Supply Depot  
  48  4:09  Marine, SCV  
  50  4:11  Marine  
  50  4:14  SCV  
  52  4:21  SCV  
  52  4:23  Refinery x2, Liberator  
  53  4:26  SCV  
  53  4:27  Marine  
  53  4:28  Supply Depot  
  53  4:29  Marine  
  56  4:33  Liberator, SCV  
  57  4:41  Factory Tech Lab  
  57  4:42  SCV  
  57  4:45  SCV  
  62  4:50  Marine  
  66  4:58  SCV  
  67  5:00  Engineering Bay x2  
  67  5:02  Siege Tank  
  67  5:05  SCV  
  67  5:06  Orbital Command  
  71  5:13  SCV  
  72  5:17  SCV  
  73  5:25  SCV  
  64  5:29  Marine  
  64  5:30  SCV  
  67  5:36  Barracks  
  67  5:37  Siege Tank, Barracks  
  66  5:51  Marine x2  
  59  6:16  SCV x3  
  61  6:24  Supply Depot  
Show
View Real Time Build Order
Export as new Build Order

Blood Zerg 

Build Orders: Hatch First, Ravager All-In 

Get SALT Encoding   

  12  0:01  Drone  
  13  0:14  Overlord  
  13  0:20  Drone  
  14  0:33  Drone x2  
  16  0:37  Drone  
  17  0:54  Hatchery  
  17  0:57  Drone  
  17  0:59  Drone  
  18  1:11  Extractor  
  18  1:13  Spawning Pool  
  18  1:16  Drone  
  17  1:19  Drone  
  18  1:30  Drone  
  19  1:41  Overlord  
  19  2:00  Queen  
  21  2:02  Zergling x2  
  21  2:05  Zergling x2  
  23  2:08  Queen  
  23  2:09  Drone  
  23  2:15  Drone  
  27  2:16  Metabolic Boost  
  27  2:32  Drone x3  
  30  2:37  Spore Crawler  
  30  2:43  Hatchery  
  29  2:51  Overlord  
  29  2:52  Drone x3  
  29  2:57  Extractor  
  31  3:16  Overlord  
  31  3:17  Drone x6  
  37  3:25  Queen  
  39  3:41  Extractor  
  38  3:42  Roach Warren  
  38  3:45  Drone x5  
  42  4:04  Drone x4  
  46  4:10  Overlord x2  
  46  4:11  Overlord x2  
  46  4:23  Roach x3  
  46  4:24  Roach x3  
  58  4:45  Ravager x4  
  62  4:47  Ravager  
  62  4:50  Zergling x4  
  62  4:51  Zergling x16  
  73  4:59  Spore Crawler  
  72  5:06  Zergling x6  
  72  5:07  Zergling x6  
  78  5:27  Zergling x2  
  78  5:28  Zergling x12  
  82  5:36  Drone x2  
  48  6:21  Drone  
  48  6:22  Drone x15  
Tags
 
Add a new tag
Caveats
  • Supply blocks, unpowered buildings, or Contaminate may cause inaccurate times.
  • Supply counts are checked every 10 seconds.